 Dungeon Crawl Stone Soup version 0.29-a0-723-gce39da1c22 (webtiles) character file.

Game seed: 7948658775864662879

1185 bande the Chopper (level 8, -1/49 HPs)
             Began as a Gargoyle Fighter on June 28, 2022.
             Slain by a black bear (4 damage)
             ... on level 5 of the Dungeon.
             The game lasted 00:11:57 (4941 turns).

bande the Chopper (Gargoyle Fighter)                Turns: 4941, Time: 00:11:59

Health: -1/49      AC: 18    Str: 19    XL:     8   Next: 42%
Magic:  0/8        EV:  7    Int: 10    God:
Gold:   187        SH:  5    Dex: 11    Spells: 7/7 levels left

rFire   . . .      SeeInvis .   a - +1 war axe
rCold   . . .      Faith    .   c - +0 buckler
rNeg    + . .      Spirit   +   o - +0 chain mail
rPois   ∞          Reflect  .   (no helmet)
rElec   +          Harm     .   (no cloak)
rCorr   .          Rampage  .   b - +0 pair of gloves
Will    .....                   f - +1 pair of boots
Stlth   ..........              h - amulet of guardian spirit
HPRegen 0.16/turn               (no ring)
MPRegen 0.11/turn               (no ring)

@: mighty
A: sickness immunity, AC +5, negative energy resistance 1, electricity
resistance, torment resistance 1, petrification resistance
a: no special abilities


You were on level 5 of the Dungeon.
You visited 1 branch of the dungeon, and saw 5 of its levels.

You collected 187 gold pieces.

Inventory:

Hand Weapons
 a - a +1 war axe (weapon)
 m - a +2 flail of protection
Missiles
 n - 2 throwing nets (quivered)
Armour
 b - a +0 pair of gloves (worn)
 c - a +0 buckler (worn)
 f - a +1 pair of boots (worn)
 o - a +0 chain mail (worn)
Jewellery
 h - an amulet of guardian spirit (around neck)
Wands
 e - a wand of polymorph (5)
Scrolls
 g - a scroll of teleportation
 l - a scroll of amnesia
Potions
 d - a potion of might
 i - 2 potions of brilliance
 k - a potion of resistance
 p - 3 potions of flight
 q - a potion of haste {unknown}
 r - a potion of attraction {unknown}


   Skills:
 + Level 5.0 Fighting
 + Level 6.3 Axes
 + Level 5.2 Armour
 + Level 4.7 Shields
 * Level 3.2 Evocations


You had 7 spell levels left.
You didn't know any spells.
Your spell library contained the following spells:

 Spells                   Type           Power      Damage    Failure   Level
 Dazzling Flash           Conj/Hex       0%         N/A       100%        3
 Iskenderun's Mystic Bla  Conj/Tloc      0%         2d3       100%        4
 Leda's Liquefaction      Hex/Erth       0%         N/A       100%        4
 Lee's Rapid Deconstruct  Erth           0%         3d5*      100%        5
 Starburst                Conj/Fire      0%         6d3       100%        6
 Statue Form              Tmut/Erth      Unusable   N/A       N/A         6

Dungeon Overview and Level Annotations

Branches:
Dungeon (5/15)
 Temple: D:4-7

Altars:


Innate Abilities, Weirdness & Mutations

You are immune to sickness and miasma.
Your stone body is resilient. (AC +5)
You are immune to poison.
You resist negative energy. (rN+)
You are resistant to electric shocks. (rElec)
You are resistant to unholy torment.
You are immune to petrification.


Message History

The ogre closely misses you. The black bear closely misses you.
The black bear claws you but does no damage.
The black bear claws you.
* * * LOW HITPOINT WARNING * * *
You feel better. You block the black bear's attack.
The black bear claws you but does no damage.
The black bear barely misses you.
You feel very mighty all of a sudden. You block the black bear's attack.
The black bear claws you.
* * * LOW HITPOINT WARNING * * *
The black bear claws you but does no damage.
You block the ogre's attack.
The black bear bites you but does no damage.
The black bear claws you but does no damage. x2
You slash the ogre!
You kill the ogre!
You closely miss the black bear. The black bear bites you.
* * * LOW HITPOINT WARNING * * *
The black bear claws you but does no damage. x2
The black bear bites you but does no damage.
The black bear closely misses you.
The black bear claws you but does no damage.
Your Fighting skill increases to level 5!
The black bear bites you but does no damage.
The black bear claws you but does no damage. x2
You see here a +0 giant club.
You slash the black bear!
The black bear is almost dead.
The black bear barely misses you. The black bear claws you.
* * * LOW HITPOINT WARNING * * *
The black bear claws you but does no damage.
The black bear bites you but does no damage.
The black bear claws you but does no damage. x2
You barely miss the black bear.
The black bear is almost dead.
The black bear bites you but does no damage.
The black bear closely misses you. You block the black bear's attack.
The black bear bites you but does no damage.
The black bear claws you.
You die...

...... ..... ......
#.... .....##
#...## ##......#. .
....# #.........
... #..# #.......
.....##..###.#...#
#....<@.##.#...#...
#...†h.............
######.............
#.>...........
###...........
..........#..
.....#........
#.....###......
#....## ...###


You could see a black bear (berserk).

Vanquished Creatures
  A water moccasin (D:4)
  A black bear (D:4)
  An ogre (D:5)
  3 phantoms (D:4)
  A gnoll sergeant (D:4)
  A scorpion (D:4)
  2 bullfrog zombies (D:4)
  A centaur zombie (D:4)
  2 hounds
  Ijyb (D:2)
  Terence (D:2)
  An orc wizard (D:3)
  4 scorpion zombies (D:4)
  A hound zombie (D:4)
  A hound skeleton (D:4)
  3 adders
  8 gnolls
  4 adder zombies (D:4)
  An adder skeleton (D:4)
  2 worms
  3 dart slugs
  2 orcs (D:3)
  8 ball pythons
  7 endoplasms
  2 giant cockroaches (D:2)
  6 goblins
  5 hobgoblins
  2 jackals (D:2)
  8 kobolds
  3 quokkas
  8 bats
  2 frilled lizards (D:1)
  A quokka zombie (D:4)
  8 rats
105 creatures vanquished.

Vanquished Creatures (others)
  3 withered plants (D:4)
3 creatures vanquished.

Grand Total: 108 creatures vanquished

Notes
Turn   | Place    | Note
-------+----------+-------------------------------------------
     0 | D:1      | bande the Gargoyle Fighter began the quest for the Orb.
     0 | D:1      | Reached XP level 1. HP: 14/14 MP: 1/1
   211 | D:1      | Reached XP level 2. HP: 19/19 MP: 2/2
  1040 | D:1      | Reached skill level 2 in Axes
  1662 | D:2      | Reached XP level 3. HP: 21/23 MP: 1/3
  1708 | D:2      | Identified the +2 robe of Qazlal's Vengeance {rC+}
  1870 | D:2      | Identified the +4 dagger of the Fae God {vorpal, rElec
                  | Str+7 Int-5 Dex+4}
  2267 | D:3      | Reached XP level 4. HP: 28/28 MP: 4/4
  2328 | D:3      | Reached skill level 3 in Axes
  2521 | D:3      | Noticed Ijyb
  2568 | D:3      | Noticed Terence
  2610 | D:2      | Killed Ijyb
  2611 | D:2      | Reached XP level 5. HP: 33/33 MP: 5/5
  2872 | D:2      | Killed Terence
  3561 | D:4      | Reached skill level 4 in Axes
  3616 | D:4      | Reached XP level 6. HP: 35/38 MP: 4/6
  3659 | D:4      | Reached skill level 1 in Evocations
  4246 | D:4      | Reached XP level 7. HP: 37/44 MP: 7/7
  4312 | D:4      | Reached skill level 5 in Axes
  4721 | D:5      | Entered Level 5 of the Dungeon
  4752 | D:4      | Reached XP level 8. HP: 31/48 MP: 6/8
  4760 | D:4      | Reached skill level 6 in Axes
  4760 | D:4      | Reached skill level 5 in Armour
  4939 | D:5      | Reached skill level 5 in Fighting
  4941 | D:5      | Slain by a black bear

Illustrated notes

Levels and vault maps discovered:
D:1:      minmay_arrival_four_houses, layout_basic, serial_curves,
          eino_curves_03, eino_curves_03
D:2:      layout_rooms, kennysheep_nub
D:3:      layout_loops_ring, minmay_misc_feat_plants, uniq_terence, uniq_ijyb
D:4:      layout_rooms, serial_undead, serial_undead_d, serial_undead_b,
          serial_undead_d, serial_undead_f, serial_undead_a, serial_undead_a
D:5:      kennysheep_windowed_halls, layout_cave_pools, minmay_liquid_box,
          kennysheep_generic_room_13, uniq_pikel

Skill      XL: |  1  2  3  4  5  6  7  8 |
---------------+-------------------------+-----
Axes           | 2 3 4 5 6 |  6.3
Armour         | 4 5 |  5.2
Shields        | 4 |  4.7
Evocations     | 1 2 3 |  3.2
Fighting       | 4 5 |  5.0

Action                   |  1- 3 |  4- 6 |  7- 9 || total
-------------------------+-------+-------+-------++-------
Melee: War axe           |   118 |   178 |    90 ||   386
       Unarmed           |       |     5 |       ||     5
  Use: Scroll            |     5 |     5 |     4 ||    14
       Potion            |       |       |     2 ||     2
Armor: Scale mail        |    38 |       |       ||    38
       Chain mail        |    73 |   173 |   115 ||   361
       Skin              |       |     4 |       ||     4
Dodge: Dodged            |    54 |   106 |    57 ||   217
Block: Buckler           |    33 |    45 |    40 ||   118

Table legend: (Time is in decaauts)
 A = Elapsed time spent in this place.
 B = Non-inter-level travel time spent in this place.
 C = Inter-level travel time spent in this place.
 D = Time resting spent in this place.
 E = Time spent auto-exploring this place.
 F = Levels seen in this place.
 G = Mean time per level.
                   A        B        C        D        E       F      G
               +--------+--------+--------+--------+--------+-----+--------+
         Total |   5076 |   5076 |      0 |   1196 |   2498 |   5 | 1015.2 |
       Dungeon |   5076 |   5076 |      0 |   1196 |   2498 |   5 | 1015.2 |
               +--------+--------+--------+--------+--------+-----+--------+

Top non-repeatable levels by time:
     D:1: 1670 daAuts
     D:4: 1299 daAuts
     D:2: 1098 daAuts
     D:3: 969 daAuts
     D:5: 39 daAuts
